 Dungeon Crawl Stone Soup version 0.31.0-12-g77e489cdc1 (console) character file.

Game seed: 13009314500131657915

802 AlterAsc the Cleaver (level 7, 0/57 HPs)
             Began as a Hill Orc Fighter on Feb 11, 2024.
             Was an Initiate of Zin.
             Slain by Duvessa
             ... wielding a +0 rapier
              (5 damage)
             ... on level 4 of the Dungeon.
             The game lasted 00:10:12 (2962 turns).

AlterAsc the Cleaver (Hill Orc Fighter)             Turns: 2962, Time: 00:10:13

Health: 0/57       AC: 16    Str: 21    XL:     7   Next: 91%
Magic:  7/7        EV:  5    Int:  8    God:    Zin [......]
Gold:   46         SH:  4    Dex: 10    Spells: 6/6 levels left

rFire   . . .        a - +0 war axe
rCold   . . .        c - +0 buckler
rNeg    . . .        v - +0 plate armour
rPois   .            d - +1 helmet
rElec   .            B - +0 cloak
rCorr   .            i - +1 pair of gloves
SInv    .            (no boots)
Will    .....        (no amulet) Stlth
                     (no ring)
HPRegen 0.29/turn    (no ring)
MPRegen 0.10/turn

%: no passive effects
@: hasted, very quick
A: no striking features
a: Renounce Religion, Donate Gold


You were on level 4 of the Dungeon.
You worshipped Zin.
Zin was noncommittal.
You visited 1 branch of the dungeon, and saw 4 of its levels.

You collected 106 gold pieces.
You spent 50 gold pieces at shops.
You donated 10 gold pieces to Zin.

Inventory:

Hand Weapons
 a - a +0 war axe (weapon)
 D - a +2 scythe of protection
Missiles
 u - 12 poisoned darts (quivered)
 z - 6 boomerangs
 F - 6 atropa-tipped darts
Armour
 b - a +0 scale mail
 c - a +0 buckler (worn)
 d - a +1 helmet (worn)
 i - a +1 pair of gloves (worn)
 v - a +0 plate armour (worn)
 w - a +1 chain mail of fire resistance
 B - a +0 cloak (worn)
Scrolls
 f - a scroll of immolation
 j - a scroll of enchant armour
 s - a scroll of noise
 t - a scroll of vulnerability
 x - a scroll of revelation {unknown}
 y - a scroll of poison {unknown}
 E - a scroll of amnesia {unknown}
Potions
 e - a potion of berserk rage {unknown}
 g - a potion of mutation {unknown}
 h - 2 potions of degeneration {unknown}
 k - 2 potions of lignification {unknown}
 l - 4 potions of haste
 m - a potion of brilliance {unknown}
 o - a potion of ambrosia {unknown}
 p - 2 potions of attraction {unknown}
 q - a potion of enlightenment {unknown}
 r - a potion of invisibility {unknown}
 A - 3 potions of curing


   Skills:
 - Level 3.6 Fighting
 + Level 11.4 Axes
 - Level 3.2 Armour
 - Level 3.2 Shields


You had 6 spell levels left.
You didn't know any spells.
Your spell library contained the following spells:

 Spells                   Type           Power      Damage    Failure   Level
 Stone Arrow              Conj/Erth      0%         3d7       100%        3
 Animate Armour           Summ/Erth      0%         N/A       100%        4
 Lehudib's Crystal Spear  Conj/Erth      0%         10d2      100%        8


Dungeon Overview and Level Annotations

Branches:
Dungeon (4/15)
 Temple: D:4-7

Altars:
Cheibriados
Xom
Zin

Shops:
D:4 (!*(

Annotations:
D:4 Duvessa


Message History

Duvessa hits you with a +0 rapier.
You slash Duvessa!
Duvessa is lightly wounded.
Duvessa hits you with a +0 rapier!
You hit Duvessa.
Duvessa is lightly wounded.
Duvessa hits you with a +0 rapier!
* * * LOW HITPOINT WARNING * * *
You feel as though your hastened speed will last longer.
Duvessa hits you with a +0 rapier.
* * * LOW HITPOINT WARNING * * *
Duvessa attacks as she pursues you! Duvessa completely misses you.
Press: ? - help, v - describe, . - travel
Here: Duvessa, wielding a +0 rapier, wearing a +0 leather armour and wearing a +5 ring of evasion (lightly wounded, berserk)
The floor.
There is a stone staircase leading up here.
Duvessa attacks as she pursues you! You block Duvessa's attack.
Duvessa rages.
Duvessa attacks as she pursues you! Duvessa hits you but does no damage.
Duvessa attacks as she pursues you! Duvessa barely misses you.
Duvessa rages.
Okay, then.
Duvessa rages.
Duvessa rages.
Duvessa attacks as she pursues you! Duvessa hits you but does no damage.
Duvessa attacks as she pursues you! Duvessa hits you with a +0 rapier!
* * * LOW HITPOINT WARNING * * *
Duvessa attacks as she pursues you! You block Duvessa's attack.
Duvessa rages.
There is an open door here.
Duvessa rages.
Press: ? - help, v - describe, . - travel
Here: Duvessa, wielding a +0 rapier, wearing a +0 leather armour and wearing a +5 ring of evasion (lightly wounded, berserk)
An open door.
Unknown command.
Duvessa attacks as she pursues you! You block Duvessa's attack.
Duvessa attacks as she pursues you! You block Duvessa's attack.
Duvessa attacks as she pursues you! Duvessa hits you but does no damage.
Duvessa attacks as she pursues you! Duvessa hits you with a +0 rapier.
You die...

#...'.......##.#.#..#
#...#..∩....##.#.#..# ..'..
#.......##.#.#.<# ..#.
#.......##.#.#..# . #
#.......##.#.#..#
#.......#..#....#
##.....###.#...######
###.....###)....##...#######
######......................##...
#.........................#.#....
#..............e@.........#.#....
#.....#.##...##########...#.#....
#.....#.##...##...........#.#....
#.............###########.#.#####
#.............'...........#.....#
#......(......#.#######...#####.#
##...##.####.##########...##..#.#
##...##.####.####....##...##..#.#
...........#..........'......%...
...........#......#.#.#..........
...........#......#.#.#.......†..


You could see Duvessa (berserk).

Vanquished Creatures
  Sigmund (D:4)
  An ice beast (D:3)
  An ogre (D:4)
  A kobold brigand (D:4)
  Dowan (D:4)
  Crazy Yiuf (D:3)
  A bombardier beetle (D:4)
  A hound (D:4)
  An iguana (D:3)
  Natasha (thrice) (D:3)
  Terence (D:3)
  Robin (D:3)
  4 adders
  2 dart slugs
  3 ribbon worms
  2 orcs
  8 ball pythons
  9 endoplasms
  4 giant cockroaches
  8 goblins
  11 hobgoblins
  7 jackals (D:1)
  5 kobolds
  4 quokkas
  8 bats
  6 frilled lizards
  7 rats
102 creatures vanquished.

Notes
Turn   | Place    | Note
-------+----------+-------------------------------------------
     0 | D:1      | AlterAsc the Hill Orc Fighter began the quest for the Orb.
     0 | D:1      | Reached XP level 1. HP: 19/19 MP: 1/1
    20 | D:1      | Reached skill level 3 in Axes
    26 | D:1      | Reached XP level 2. HP: 26/26 MP: 2/2
   107 | D:1      | Reached skill level 4 in Axes
   182 | D:1      | Found a faded altar of an unknown god.
   194 | D:1      | Reached XP level 3. HP: 28/31 MP: 3/3
   331 | D:1      | Reached skill level 5 in Axes
   706 | D:2      | Reached XP level 4. HP: 39/39 MP: 4/4
   853 | D:2      | Identified the +0 ring mail of Agnosticism {+Blink Str+2}
  1129 | D:3      | Noticed Natasha
  1138 | D:3      | Killed Natasha
  1139 | D:3      | Reached skill level 6 in Axes
  1364 | D:3      | Found a glowing silver altar of Zin.
  1389 | D:3      | Noticed Terence
  1391 | D:3      | Became a worshipper of Zin the Law-Giver
  1402 | D:3      | Killed Terence
  1403 | D:3      | Reached XP level 5. HP: 35/45 MP: 5/5
  1429 | D:3      | Reached skill level 7 in Axes
  1498 | D:3      | Noticed Natasha
  1506 | D:3      | Killed Natasha
  1784 | D:3      | Noticed Natasha
  1795 | D:3      | Killed Natasha
  1796 | D:3      | Reached skill level 8 in Axes
  1796 | D:3      | Reached XP level 6. HP: 23/51 MP: 6/6
  1904 | D:3      | Found a runed translucent door.
  1905 | D:3      | Noticed Crazy Yiuf
  1905 | D:3      | Noticed Robin
  1989 | D:3      | Killed Crazy Yiuf
  1995 | D:3      | Killed Robin
  2141 | D:4      | Noticed an ice beast
  2153 | D:3      | Killed an ice beast
  2154 | D:3      | Reached skill level 9 in Axes
  2211 | D:4      | Noticed Dowan
  2226 | D:4      | Killed Dowan
  2261 | D:4      | Found Arueb's Weapon Boutique.
  2262 | D:4      | Found Witrat's Distillery.
  2262 | D:4      | Noticed Sigmund
  2274 | D:4      | Reached XP level 7. HP: 48/57 MP: 7/7
  2277 | D:4      | Killed Sigmund
  2278 | D:4      | Reached skill level 10 in Axes
  2344 | D:4      | Bought a potion of heal wounds for 50 gold pieces
  2372 | D:4      | Found Ibaefoch's Antique Weapon Shop.
  2382 | D:4      | Noticed Duvessa
  2708 | D:4      | Found Susk's General Store.
  2739 | D:4      | Reached skill level 11 in Axes
  2743 | D:4      | Found a shimmering altar of Xom.
  2745 | D:4      | Found a shimmering altar of Xom.
  2746 | D:4      | Found a shimmering altar of Xom.
  2756 | D:4      | Found a shimmering altar of Xom.
  2756 | D:4      | Found a shimmering altar of Xom.
  2760 | D:4      | Found a shimmering altar of Xom.
  2760 | D:4      | Found a shimmering altar of Xom.
  2907 | D:4      | Found a snail-covered altar of Cheibriados.
  2948 | D:4      | HP: 2/57 [Duvessa/+0 rapier (10)]
  2962 | D:4      | Slain by Duvessa

Illustrated notes

Levels and vault maps discovered:
D:1:      minmay_arrival_solitary_statue, layout_rooms,
          ebering_ecumenical_altar_sacrificial, serial_bayou,
          serial_bayou_shore_b, serial_bayou_pond_d, serial_bayou_pond_b,
          serial_bayou_lake_a, minmay_split_cup_small
D:2:      layout_rooms
D:3:      layout_rooms, mainiacjoe_overflow_paths, minmay_diced_spiral,
          uniq_natasha, uniq_crazy_yiuf_cottage, uniq_robin, uniq_terence
D:4:      layout_gridville, mainiacjoe_overflow_concentric_impassable,
          xom_redecorated, serial_shops, nicolae_shop_gibbet_a_chance,
          nicolae_shop_back_alley_shop, shop_coins, shop_fountains, shop,
          serial_co_window_serial, co_window_paths_a, co_window_corner_a,
          co_window_corner_a, co_window_corner_a, co_window_paths_b,
          co_window_broadway_a, co_window_unsneaky_path_d, co_window_corner_b,
          co_window_corner_b, glass_columns_c, uniq_duvessa, uniq_sigmund

Skill      XL: |  1  2  3  4  5  6  7 |
---------------+----------------------+-----
Axes           | 3 4 5 6 8 9 11 | 11.4
Fighting       | |  3.6
Armour         | |  3.2
Shields        | |  3.2

Action                     |  1- 3 |  4- 6 |  7- 9 || total
---------------------------+-------+-------+-------++-------
  Melee: War axe           |   109 |   154 |    54 ||   317
  Throw: Dart              |       |     1 |     1 ||     2
    Use: Potion            |       |     1 |     5 ||     6
         Scroll            |       |       |     7 ||     7
 Armour: Scale mail        |    81 |    29 |       ||   110
         Plate armour      |       |    15 |    31 ||    46
         Chain mail        |       |    75 |    20 ||    95
         Skin              |       |     3 |       ||     3
  Dodge: Dodged            |    41 |    62 |    17 ||   120
  Block: Buckler           |    25 |    45 |    11 ||    81
